 Dungeon Crawl Stone Soup version 0.18-a0-816-g97f838e (webtiles) character file.

910 JokEr the Skirmisher (level 8, 0/58 HPs)
             Began as an Octopode Fighter on Dec 15, 2015.
             Was a Believer of Okawaru.
             Slain by a sky beast (5 damage)
             ... on level 5 of the Dungeon.
             The game lasted 00:12:07 (6110 turns).

JokEr the Skirmisher (Octopode Fighter)             Turns: 6110, Time: 00:12:08

Health: 0/58       AC:  1    Str: 18    XL:     8   Next: 8%
Magic:  17/17      EV: 10    Int: 10    God:    Okawaru [**....]
Gold:   167        SH:  9    Dex: 11    Spells: 0 memorised, 7 levels left

rFire  . . .     SeeInvis .     a - +0 war axe
rCold  . . .     Clarity  .     b - +0 shield
rNeg   + . .     SustAt   .     (helmet restricted)
rPois  +         Gourm    .     c - amulet of resist corrosion
rElec  .         Spirit   .     f - ring of protection from magic
rCorr  +         Dismiss  .     l - ring of poison resistance
rMut   .         Stasis   .     x - ring "Retti" {rN+ MP+9}
MR     +....                    (no ring)
Stlth  ++........               (no ring)
                                (no ring)
                                (no ring)
                                (no ring)

@: somewhat resistant to hostile enchantments, unstealthy
A: almost no armour, amphibious, 8 rings, constrict 8, camouflage 1, gelatinous
body 1
a: Heroism, Renounce Religion


You were on level 5 of the Dungeon.
You worshipped Okawaru.
Okawaru was pleased with you.
You were not hungry.

You visited 1 branch of the dungeon, and saw 5 of its levels.

You collected 167 gold pieces.

Inventory:

Hand Weapons
 a - a +0 war axe (weapon)
Armour
 b - a +0 shield (worn)
Jewellery
 c - an amulet of resist corrosion (around mantle)
 f - a ring of protection from magic (left tentacle)
 l - a ring of poison resistance (right tentacle)
 x - the ring "Retti" (on tentacle) {rN+ MP+9}
   (You found it on level 4 of the Dungeon)

   [ring of magical power]

   It protects you from negative energy.
   It affects your magic capacity (+9).
Wands
 g - a wand of cold (8)
Scrolls
 k - a scroll of enchant weapon {unknown}
 m - a scroll of amnesia
 o - a scroll of magic mapping
 t - a scroll of remove curse
 u - 3 scrolls of identify
 w - a scroll of recharging
Potions
 e - a potion of lignification {unknown}
 i - a potion of agility {unknown}
 j - a potion of degeneration {unknown}
 n - 2 potions of brilliance {unknown}
 r - a potion of berserk rage {unknown}
 s - 5 potions of curing {unknown}
 v - a potion of heal wounds {unknown}
Books
 d - a book of Annihilations

   Spells                             Type                      Level
   a - Poison Arrow                   Conjuration/Poison           6
   b - Chain Lightning                Conjuration/Air              8
   c - Lehudib's Crystal Spear        Conjuration/Earth            8
   d - Glaciate                       Conjuration/Ice              9
   e - Fire Storm                     Conjuration/Fire             9
Comestibles
 h - a bread ration
 q - a meat ration


   Skills:
 + Level 6.9 Fighting
 + Level 6.7 Axes
 - Level 3.0 Dodging
 - Level 3.0 Shields


You had 7 spell levels left.
You didn't know any spells.

Dungeon Overview and Level Annotations

Branches:
Dungeon (5/15)
 Temple: D:4-7

Altars:
Kikubaaqudgha
Nemelex Xobeh
Okawaru
Xom
The Shining One


Innate Abilities, Weirdness & Mutations

You cannot wear most types of armour.
You are amphibious.
You can wear up to eight rings at the same time.
You can use your tentacles to constrict eight enemies at once.
Your skin changes colour to match your surroundings (Stealth).
Your rubbery body absorbs attacks (AC +1).


Message History

Reactivating autopickup.
The sky beast hits you. The sky beast shocks you.
* * * LOW HITPOINT WARNING * * *
You hit the sky beast but do no damage. Your squeeze misses the sky beast.
The sky beast is heavily wounded.
The sky beast closely misses you.
You slash the sky beast! Your squeeze misses the sky beast.
The sky beast is almost dead.
You block the sky beast's attack.
The sky beast flickers out of sight!
Deactivating autopickup; reactivate with Ctrl-A.
Something hits you.
* * * LOW HITPOINT WARNING * * *
Something shocks you.
* * * LOW HITPOINT WARNING * * *
Drink which item? (? for menu, Esc to quit)
Okay, then.
Read which item? (? for menu, Esc to quit)
Okay, then.
You closely miss something. Something hits you.
You die...

# ............#
............#
............###
...............
..........>.... #
..............# #
#....{......# ##
#@.# #. ##.#
#########. #.#
##.........
####.#####.........#
#..........#.#######
#.........##.# #
#.........#..# #
#........##.## #
#...........# #


There were no monsters in sight!

Vanquished Creatures
  The ghost of graki42 the Skirmisher, an amateur DsAK of Lugonu (D:3)
  A phantom (D:5)
  A sky beast (D:5)
  A big kobold (D:5)
  A scorpion (D:5)
  A hound (D:4)
  2 crimson imps (D:5)
  2 orc priests (D:4)
  2 worker ants
  A giant frog skeleton (D:4)
  Jessica (D:2)
  3 iguanas (D:5)
  A worker ant zombie (D:5)
  5 gnolls
  4 adders
  4 worms
  2 giant geckos
  5 orcs
  A ball python (D:1)
  7 goblins
  5 hobgoblins
  12 jackals
  A quokka (D:4)
  5 bats
  8 giant cockroaches
  11 giant newts
  17 kobolds
  8 rats
113 creatures vanquished.

Vanquished Creatures (others)
  A human (D:3)
1 creature vanquished.

Grand Total: 114 creatures vanquished

Notes
Turn   | Place    | Note
--------------------------------------------------------------
     0 | D:1      | JokEr the Octopode Fighter began the quest for the Orb.
     0 | D:1      | Reached XP level 1. HP: 16/16 MP: 1/1
   347 | D:1      | Reached XP level 2. HP: 21/21 MP: 2/2
  1050 | D:2      | Reached XP level 3. HP: 24/26 MP: 3/3
  1137 | D:2      | Found an iron altar of Okawaru.
  1342 | D:2      | Became a worshipper of Warmaster Okawaru
  1509 | D:2      | Reached XP level 4. HP: 33/33 MP: 4/4
  1638 | D:2      | Reached skill level 4 in Fighting
  1811 | D:2      | Noticed Jessica
  1824 | D:2      | Killed Jessica
  2312 | D:3      | Noticed graki42's ghost (amateur DsAK)
  2319 | D:3      | Killed graki42's ghost
  2319 | D:3      | Reached XP level 5. HP: 6/38 MP: 5/5
  2778 | D:3      | Reached skill level 5 in Fighting
  2797 | D:3      | Found an ancient bone altar of Kikubaaqudgha.
  2797 | D:3      | Noticed a human
  2800 | D:3      | Killed a human
  2985 | D:3      | Reached XP level 6. HP: 45/45 MP: 6/6
  3621 | D:4      | Reached skill level 5 in Axes
  3765 | D:4      | Found a sparkling altar of Nemelex Xobeh.
  3992 | D:4      | Reached * piety under Okawaru
  4350 | D:4      | Reached XP level 7. HP: 48/51 MP: 7/7
  4531 | D:5      | Entered Level 5 of the Dungeon
  4843 | D:5      | Reached skill level 6 in Fighting
  5758 | D:5      | Found a shimmering altar of Xom.
  5781 | D:5      | Reached ** piety under Okawaru
  5787 | D:5      | Reached XP level 8. HP: 50/58 MP: 8/8
  5949 | D:4      | Found a sparkling altar of Nemelex Xobeh.
  5949 | D:4      | Found a glowing golden altar of the Shining One.
  5952 | D:4      | Got a wavering brass ring
  6006 | D:5      | Identified the ring "Retti" {rN+ MP+9} (You found it on level 4 of the Dungeon)
  6110 | D:5      | Slain by a sky beast

Vault maps used:
D:1:      lightli_arrival_lavapool
D:2:      serial_forest, infiniplex_forest_lined_3, infiniplex_forest_end_2,
          infiniplex_forest_lined_4_way, infiniplex_forest_diagonal,
          infiniplex_forest_clump_medium, infiniplex_forest_clump_small,
          infiniplex_forest_lined_room_3, infiniplex_forest_lined_corner,
          infiniplex_forest_clump_C, roderic_roman_lattice,
          okawaru_altar_gauntlet_db, uniq_jessica
D:3:      gup_sewer_entry_spiral, tgw_kikubaaqudgha
D:4:      nicolae_overflow_hidden_temple, first_bread,
          nemelex_lonely_heart_becter, uniq_menkaure
D:5:      temple_doors_e, basic_altar

Action                   |  1- 3 |  4- 6 |  7- 9 || total
-------------------------+-------+-------+-------++-------
Melee: War axe           |    64 |   104 |    67 ||   235
  Use: Scroll            |     4 |     5 |       ||     9
       Potion            |     1 |       |       ||     1
 Stab: Distracted        |     1 |       |       ||     1
       Sleeping          |     4 |    10 |       ||    14
  Eat: Chunk             |     2 |     3 |     4 ||     9
       Bread ration      |       |     1 |       ||     1
       Fruit             |       |       |     2 ||     2
       Royal jelly       |       |       |     1 ||     1
